 Dungeon Crawl Stone Soup version 0.23.2-1-ga50397a6bc (webtiles) character file.

Game seed: 7305193771398495368

144 Revguard the Skirmisher (level 5, -1/48 HPs)
             Began as a Minotaur Abyssal Knight on May 28, 2019.
             Was a Follower of Lugonu.
             Slain by a killer bee (7 damage)
             ... on level 2 of the Dungeon.
             The game lasted 00:06:11 (1343 turns).

Revguard the Skirmisher (Minotaur Abyssal Knight)   Turns: 1343, Time: 00:06:11

Health: -1/48      AC:  9    Str: 16    XL:     5   Next: 5%
Magic:  5/5        EV:  7    Int:  9    God:    Lugonu [*.....]
Gold:   91         SH:  0    Dex: 11    Spells: 4/4 levels left

rFire    + . .     SeeInvis .   a - +1 hand axe
rCold    + . .     Gourm    .   (no shield)
rNeg     . . .     Faith    .   g - +0 chain mail
rPois    +         Spirit   .   (helmet restricted)
rElec    +         Reflect  .   (no cloak)
rCorr    +         Harm     .   (no gloves)
MR       .....                  (no boots)
Stlth    ..........             (no amulet)
HPRegen  0.16/turn              (no ring)
MPRegen  0.09/turn              (no ring)

@: lethally poisoned (-1 -> -4), resistant
A: retaliatory headbutt, horns 2
a: Depart the Abyss, Renounce Religion


You were on level 2 of the Dungeon.
You worshipped Lugonu.
Lugonu was aware of your devotion.
You were not hungry.

You visited 1 branch of the dungeon, and saw 2 of its levels.
You visited the Abyss 1 time.

You collected 91 gold pieces.

Inventory:

Hand Weapons
 a - a +1 hand axe (weapon)
Armour
 g - a +0 chain mail (worn)
Scrolls
 b - 3 scrolls of remove curse {unknown}
 e - a scroll of blinking {unknown}
 f - a scroll of holy word {unknown}
 h - 2 scrolls of noise {unknown}
Potions
 d - a potion of resistance
 i - a potion of brilliance
Comestibles
 c - 3 rations


   Skills:
 + Level 5.0 Fighting
 + Level 3.9 Axes
 + Level 3.4 Armour
 + Level 1.3 Dodging
 * Level 2.6 Invocations


You had 4 spell levels left.
You didn't know any spells.
Your spell library contained the following spells:

 Spells                   Type           Power        Failure   Level  Hunger
 Haunt                    Necr/Summ      #.........   100%        7    #######
 Borgnjor's Revivificati  Necr           #.........   100%        8    #######
 Death's Door             Chrm/Necr      #.........   100%        8    #######
 Infestation              Necr           #.........   100%        8    #######
 Necromutation            Tmut/Necr      #.........   100%        8    #######


Dungeon Overview and Level Annotations

Branches:
Dungeon (2/15)

Altars:


Innate Abilities, Weirdness & Mutations

You reflexively headbutt those who attack you in melee.
You have a pair of horns on your head.


Message History

The killer bee is severely wounded.
You feel sick. The killer bee closely misses you. The killer bee stings you!
* * * LOW HITPOINT WARNING * * *
Okay, then.
Okay, then.
Okay, then.
You hit the killer bee.
You kill the killer bee!
Lugonu accepts your kill.
Your Fighting skill increases to level 5!
You have reached level 5!
You feel sick. The killer bee barely misses you.
The killer bee completely misses you.
You hit the killer bee. You headbutt the killer bee.
The killer bee is severely wounded.
The killer bee stings you but does no damage. x2
You barely miss the killer bee. Your headbutt misses the killer bee.
The killer bee is severely wounded.
You feel sick. The killer bee stings you!
You die...

.###................##
+.......).........#
#........yy##....##
##..)....#†##.#..#
##....y##y##.##.#
##.yy###y..y...#
#........#####y####
#.####.#.# #y# #. .#
#@# #. .# #.# .. .#
#.# .y .# #.# ... .#
#.# #.# ..# ###


You could see 3 killer bees.

Vanquished Creatures
  2 killer bees (D:2)
  A gnoll (D:1)
  A worm (D:2)
  2 leopard geckos (D:1)
  5 giant cockroaches (D:1)
  6 hobgoblins
  A ball python (D:1)
  A bat (D:1)
  5 frilled lizards (D:1)
  6 goblins (D:1)
  4 kobolds (D:1)
  3 rats
37 creatures vanquished.

Vanquished Creatures (others)
  A crimson imp (Abyss:2)
1 creature vanquished.

Grand Total: 38 creatures vanquished

Notes
Turn   | Place    | Note
-------+----------+-------------------------------------------
     0 | Abyss:1  | Revguard the Minotaur Abyssal Knight began the quest for
                  | the Orb.
     0 | Abyss:1  | Reached XP level 1. HP: 19/19 MP: 1/1
    47 | Abyss:2  | Found a corrupted altar of Lugonu.
    66 | Abyss:2  | Noticed an iron imp
    75 | Abyss:2  | Noticed an orb spider
    79 | Abyss:2  | Noticed a crimson imp
   111 | Abyss:2  | Killed a crimson imp
   111 | Abyss:2  | Reached skill level 4 in Fighting
   111 | Abyss:2  | Reached XP level 2. HP: 27/27 MP: 2/2
   139 | Abyss:2  | Noticed a large abomination
   158 | D:1      | Escaped the Abyss
   353 | D:1      | Reached * piety under Lugonu
   409 | D:1      | Reached XP level 3. HP: 13/34 MP: 3/3
  1327 | D:2      | Noticed a killer bee
  1327 | D:2      | Noticed a killer bee
  1327 | D:2      | Noticed a killer bee
  1327 | D:2      | Noticed a killer bee
  1327 | D:2      | Noticed a killer bee
  1336 | D:2      | Killed a killer bee
  1336 | D:2      | Reached XP level 4. HP: 27/41 MP: 4/4
  1341 | D:2      | Reached skill level 5 in Fighting
  1341 | D:2      | Reached XP level 5. HP: 8/48 MP: 5/5
  1343 | D:2      | Slain by a killer bee

Skill      XL: |  1  2  3  4 |
---------------+-------------+-----
Fighting       | 4 5 |  5.0
Invocations    | 2 |  2.6
Axes           | 3 |  3.9
Armour         | 3 |  3.4
Dodging        | |  1.3

Action                   |  1- 3 |  4- 6 || total
-------------------------+-------+-------++-------
Melee: Hand axe          |    74 |     5 ||    79
       Headbutt          |     8 |     2 ||    10
Invok: Depart the Abyss  |     1 |       ||     1
  Use: Potion            |     4 |     1 ||     5
  Eat: Chunk             |     1 |       ||     1
Armor: Leather armour    |    12 |       ||    12
       Chain mail        |     9 |     3 ||    12
Dodge: Dodged            |    46 |     4 ||    50
